 Dungeon Crawl Stone Soup version 0.21-a0-417-g0adc95b (webtiles) character file.

211 Ijustatesigmund the Sneak (level 5, 0/34 HPs)
             Began as an Octopode Assassin on Nov 3, 2017.
             Slain by an ice beast (6 damage)
             ... on level 5 of the Dungeon.
             The game lasted 00:05:47 (2900 turns).

Ijustatesigmund the Sneak (Octopode Assassin)       Turns: 2900, Time: 00:05:49

Health: 0/34       AC:  1    Str: 10    XL:     5   Next: 88%
Magic:  5/5        EV: 15    Int: 14    God:
Gold:   243        SH:  0    Dex: 14    Spells: 4/4 levels left

rFire    . . .     SeeInvis .   a - +0 rapier (freeze)
rCold    + . .     Gourm    .   (no shield)
rNeg     . . .     Faith    .   (helmet restricted)
rPois    .         Spirit   .   (no amulet)
rElec    .         Reflect  .   g - ring of protection from cold
rCorr    .         Harm     .   (no ring)
MR       .....                  (no ring)
Stlth    +++++.....             (no ring)
HPRegen  0.11/turn              (no ring)
MPRegen  0.09/turn              (no ring)
                                (no ring)
                                (no ring)

@: no status effects
A: almost no armour, stealthy swim, amphibious, 8 rings, constrict 8, camouflage
1, gelatinous body 1
a: no special abilities


You were on level 5 of the Dungeon.
You were not hungry.

You visited 1 branch of the dungeon, and saw 5 of its levels.

You collected 243 gold pieces.

Inventory:

Hand Weapons
 a - a +0 rapier of freezing (weapon)
 b - a +0 blowgun
 w - a +2 dagger
Missiles
 c - 8 poisoned needles
 d - 2 curare-tipped needles
Jewellery
 g - a ring of protection from cold (left tentacle)
Wands
 k - a wand of flame (25/48)
Scrolls
 h - 3 scrolls of amnesia
 i - a scroll of teleportation
 j - 4 scrolls of identify
 l - 4 scrolls of remove curse
 m - a scroll of blinking
 u - a scroll of magic mapping
 x - a scroll of enchant armour {unknown}
Potions
 e - a potion of lignification
 n - a potion of curing {unknown}
 p - 3 potions of flight
 q - 2 potions of might {unknown}
 s - 3 potions of mutation {unknown}
 t - a potion of agility {unknown}
 v - a potion of ambrosia {unknown}
 z - 2 potions of cancellation {unknown}
Comestibles
 f - 3 bread rations
 o - 3 royal jellies
 r - 3 fruits


   Skills:
 - Level 2.0 Fighting
 - Level 2.0 Short Blades
 - Level 2.0 Throwing
 + Level 3.9 Dodging
 + Level 7.8 Stealth


You had 4 spell levels left.
You didn't know any spells.

Dungeon Overview and Level Annotations

Branches:
Dungeon (5/15)
 Temple: D:4-7

Altars:
Cheibriados
Makhleb
Okawaru
Trog
Uskayaw
Yredelemnul
The Shining One

Annotations:
D:4 Grinder


Innate Abilities, Weirdness & Mutations

You cannot wear most types of armour.
You are very stealthy in the water. (Stealth+)
You are amphibious.
You can wear up to eight rings at the same time.
You can use your tentacles to constrict eight enemies at once.
Your skin changes colour to match your surroundings (Stealth+).
Your rubbery body absorbs attacks. (AC +1, EV +1)


Message History

You are too injured to fight recklessly!
You are too injured to fight recklessly!
You are too injured to fight recklessly!
You completely miss the ice beast.
The ice beast is moderately wounded.
The ice beast misses you.
You hit the ice beast.
The ice beast is moderately wounded.
The ice beast closely misses you.
You hit the ice beast.
The ice beast is moderately wounded.
The ice beast hits you. The ice beast freezes you. You resist.
* * * LOW HITPOINT WARNING * * *
You hit the ice beast.
You squeeze the ice beast, but do no damage.
The ice beast is moderately wounded.
The ice beast hits you.
* * * LOW HITPOINT WARNING * * *
The ice beast freezes you. You resist.
You die...

........
..'....'...............
........
...#....#...............
........
...####+#...............
..##+##.
............######......
..# ............#
#...... ..#
............# #......
..# ............#
+...... ..#
............+ #......
..# .......@....#
#...... ..#
......Y.....# #......
..# ............# ......
..# ............# ......
...####'##### #+#### ..
... . ... ...


You could see an ice beast.

Vanquished Creatures
  A howler monkey (D:5)
  An orc wizard (D:5)
  6 adders
  A shadow imp (D:5)
  A worm (D:3)
  2 dart slugs
  3 leopard geckos (D:1)
  2 orcs (D:5)
  8 bats
  A giant cockroach (D:1)
  4 goblins
  8 hobgoblins
  18 jackals
  A quokka (D:2)
  A ball python (D:1)
  2 frilled lizards
  4 kobolds (D:2)
  5 rats
69 creatures vanquished.

Notes
Turn   | Place    | Note
-------+----------+-------------------------------------------
     0 | D:1      | Ijustatesigmund the Octopode Assassin began the quest for the Orb.
     0 | D:1      | Reached XP level 1. HP: 14/14 MP: 1/1
    82 | D:1      | Reached XP level 2. HP: 19/19 MP: 2/2
   263 | D:1      | Reached skill level 6 in Stealth
   306 | D:1      | Reached XP level 3. HP: 14/24 MP: 3/3
  1129 | D:2      | Reached XP level 4. HP: 28/29 MP: 4/4
  1407 | D:2      | Found a burning altar of Makhleb.
  1535 | D:2      | Found a bloodstained altar of Trog.
  1643 | D:3      | Reached skill level 7 in Stealth
  1710 | D:3      | Reached XP level 5. HP: 29/34 MP: 5/5
  1908 | D:3      | Found a glowing golden altar of the Shining One.
  1994 | D:3      | Found a hide-covered altar of Uskayaw.
  2001 | D:3      | Found a snail-covered altar of Cheibriados.
  2085 | D:3      | Found a basalt altar of Yredelemnul.
  2300 | D:4      | Noticed a troll
  2304 | D:4      | Noticed Grinder
  2362 | D:5      | Entered Level 5 of the Dungeon
  2511 | D:5      | Found an iron altar of Okawaru.
  2566 | D:5      | Noticed an ogre
  2655 | D:4      | Paralysed by Grinder for 7 turns
  2890 | D:5      | Noticed an ice beast
  2900 | D:5      | Slain by an ice beast

Vault maps used:
D:1:      wheals_arrival_shading
D:2:      lightli_temple_of_fire, lemuel_doored_altar,
          hangedman_abyss_or_decor_lesser_grid
D:3:      lemuel_round_altar, nicolae_overflow_hidden_temple, minitemple,
          first_bread
D:4:      nicolae_overflow_crystal_walls, lemuel_temple_firewalk_b, uniq_grinder
D:5:      okawaru_metal_pillars_3, uniq_duvessa

Skill      XL: |  1  2  3  4 |
---------------+-------------+-----
Dodging        | 2 3 |  3.9
Stealth        | 6 7 |  7.8
Fighting       | |  2.0
Short Blades   | |  2.0
Throwing       | |  2.0

Action                   |  1- 3 |  4- 6 || total
-------------------------+-------+-------++-------
Melee: Dagger            |    73 |    44 ||   117
       Constrict         |    22 |    13 ||    35
       Tentacles         |    11 |     7 ||    18
       Rapier            |       |    26 ||    26
  Use: Scroll            |     8 |     6 ||    14
       Potion            |       |     3 ||     3
 Stab: Sleeping          |    10 |    11 ||    21
  Eat: Chunk             |     1 |     4 ||     5
       Fruit             |       |     1 ||     1
Armor: Skin              |     9 |     1 ||    10
Dodge: Dodged            |    73 |    61 ||   134

Table legend:
 A = Spawn XP
 B = Non-spawn XP
 C = Spawn XP percentage of total XP
 D = Spawn monster count
 E = Non-spawn monster count
 F = Spawn count percentage of total count
 G = Total turns spent on level
                    A         B        C        D         E        F      G
               +---------+---------+-------+---------+---------+-------+---------
         Total |       0 |     302 |   0.0 |       0 |      69 |   0.0 |  2900
               +---------+---------+-------+---------+---------+-------+---------
           D:1 |       0 |      41 |   0.0 |       0 |      21 |   0.0 |   631
           D:2 |       0 |      79 |   0.0 |       0 |      30 |   0.0 |   984
           D:3 |       0 |      56 |   0.0 |       0 |      11 |   0.0 |   613
           D:4 |       0 |       1 |   0.0 |       0 |       1 |   0.0 |   209
           D:5 |       0 |     125 |   0.0 |       0 |       6 |   0.0 |   463
               +---------+---------+-------+---------+---------+-------+---------
